TOP OF THE 1ST |
Hamilton Cardinals batting - Pitching for Windy City ThunderBolts : RHP Dusty Haberstroh
|
Pitching: RHP Dusty Haberstroh
|
|
Batting: RHB Jonathan Winkler
|
0-0: Called Strike 0-1: Foul Ball, location: 2F 0-2: Ball 1-2: Foul Ball, location: 2F 1-2: Foul Ball, location: 2F 1-2: Foul Ball, location: 2F 1-2: Strikes out swinging
|
Batting: RHB Juan Carrillo
|
0-0: Ball 1-0: Ball 2-0: Ball 3-0: Called Strike 3-1: Foul Ball, location: 2F 3-2: Ground out 6-3 (Groundball, 56, EV 80.6 MPH)
|
Batting: SHB Bobby Mercado
|
0-0: Fly out, F8 (Flyball, 8LD, EV 85.0 MPH)
|
Top of the 1st over - 0 runs, 0 hits, 0 errors, 0 left on base; Hamilton 0 - Windy City 0 |
BOTTOM OF THE 1ST |
Windy City ThunderBolts batting - Pitching for Hamilton Cardinals : LHP Matt Rossiter
|
Pitching: LHP Matt Rossiter
|
|
Batting: RHB Dave Dominguez
|
0-0: Ball 1-0: Ground out 3-1 (Groundball, 34, EV 85.0 MPH)
|
Batting: SHB Danny Gallegos
|
0-0: Called Strike 0-1: Foul Ball, location: 2F 0-2: Ball 1-2: Strikes out swinging
|
Batting: RHB Camillo Bonauiti
|
0-0: Called Strike 0-1: Called Strike 0-2: Ball 1-2: Strikes out swinging
|
Bottom of the 1st over - 0 runs, 0 hits, 0 errors, 0 left on base; Hamilton 0 - Windy City 0 |
TOP OF THE 2ND |
Hamilton Cardinals batting - Pitching for Windy City ThunderBolts : RHP Dusty Haberstroh
|
Batting: RHB Nelson Salamanca
|
0-0: Called Strike 0-1: Foul Ball, location: 2F 0-2: Ball 1-2: Ball 2-2: Ball 3-2: Foul Ball, location: 2F 3-2: Fly out, F4 (Popup, 6M, EV 71.9 MPH)
|
Batting: RHB Shou-feng Chang
|
0-0: Called Strike 0-1: Foul Ball, location: 2F 0-2: Ground out 6-3 (Groundball, 56D, EV 84.4 MPH)
|
Batting: RHB Mario Carbajal
|
0-0: Ball 1-0: Called Strike 1-1: Ball 2-1: Ball 3-1: Called Strike 3-2: Ground out 5-3 (Groundball, 56S, EV 90.0 MPH)
|
Top of the 2nd over - 0 runs, 0 hits, 0 errors, 0 left on base; Hamilton 0 - Windy City 0 |
BOTTOM OF THE 2ND |
Windy City ThunderBolts batting - Pitching for Hamilton Cardinals : LHP Matt Rossiter
|
Batting: RHB Kaoru Hamada
|
0-0: Called Strike 0-1: Ball 1-1: Called Strike 1-2: Reached on error, E5 (Groundball, 5, EV 80.6 MPH)
|
Batting: RHB Paul Holland
|
0-0: Called Strike 0-1: Foul Ball, location: 2F 0-2: Ball 1-2: Foul Ball, location: 2F 1-2: Ball 2-2: Foul Ball, location: 2F 2-2: Foul Ball, location: 2F 2-2: Strikes out swinging
|
Batting: RHB Nhat Phong
|
0-0: Called Strike 0-1: Ball 1-1: Called Strike 1-2: Ball 2-2: Strikes out swinging
|
Batting: RHB Ricky Avila
|
0-0: Ground out 6-3 (Groundball, 6S, EV 82.5 MPH)
|
Bottom of the 2nd over - 0 runs, 0 hits, 1 error, 1 left on base; Hamilton 0 - Windy City 0 |
TOP OF THE 3RD |
Hamilton Cardinals batting - Pitching for Windy City ThunderBolts : RHP Dusty Haberstroh
|
Batting: LHB Rafael Banda
|
0-0: Foul Ball, location: 2F 0-1: Swinging Strike 0-2: Foul Ball, location: 2F 0-2: Foul Ball, location: 2F 0-2: Strikes out swinging, 2-3 out at first.
|
Batting: LHB Pete Mitchell
|
0-0: Called Strike 0-1: SINGLE (Line Drive, 8RS, EV 108.1 MPH)
|
Batting: SHB Kelly Brooks
|
0-0: Ball Pete Mitchell steals 2nd base 1-0: Ball 2-0: Foul Ball, location: 2F 2-1: Foul Ball, location: 2F 2-2: Fly out, F8 (Flyball, 8RM, EV 85.0 MPH)
|
Batting: RHB Jonathan Winkler
|
0-0: Ball 1-0: Foul Ball, location: 2F 1-1: Ball 2-1: Foul Ball, location: 2F 2-2: Fly out, F8 (Flyball, 8LM, EV 89.4 MPH)
|
Top of the 3rd over - 0 runs, 1 hit, 0 errors, 1 left on base; Hamilton 0 - Windy City 0 |
BOTTOM OF THE 3RD |
Windy City ThunderBolts batting - Pitching for Hamilton Cardinals : LHP Matt Rossiter
|
Batting: RHB Sim Damit
|
0-0: Ball 1-0: Ball 2-0: SINGLE (Line Drive, 4MD, EV 93.8 MPH)
|
Batting: RHB Miguel Pacheco
|
0-0: Ball 1-0: Swinging Strike 1-1: Foul Ball, location: 2F 1-2: Foul Ball, location: 2F 1-2: Strikes out looking
|
Batting: RHB Dave Dominguez
|
0-0: Ball 1-0: Foul Ball, location: 2F 1-1: Grounds into double play, 4-6-3 (Groundball, 4, EV 110.0 MPH)
|
Bottom of the 3rd over - 0 runs, 1 hit, 0 errors, 0 left on base; Hamilton 0 - Windy City 0 |
TOP OF THE 4TH |
Hamilton Cardinals batting - Pitching for Windy City ThunderBolts : RHP Dusty Haberstroh
|
Batting: RHB Juan Carrillo
|
0-0: Ball 1-0: Ball 2-0: Called Strike 2-1: SINGLE (Groundball, 6MD, EV 106.2 MPH)
|
Batting: SHB Bobby Mercado
|
0-0: Ball 1-0: Ball 2-0: Fly out, F7 (Line Drive, 7, EV 98.1 MPH)
|
Batting: RHB Nelson Salamanca
|
0-0: Called Strike Juan Carrillo steals 2nd base 0-1: Called Strike 0-2: 2-RUN HOME RUN (Flyball, 7LD, EV 96.2 MPH), Distance : 384 ft
|
Batting: RHB Shou-feng Chang
|
0-0: Ball 1-0: Ball 2-0: Swinging Strike 2-1: Fly out, F2 (Popup, 23F, EV 85.6 MPH)
|
Batting: RHB Mario Carbajal
|
0-0: Ball 1-0: SINGLE (Line Drive, 3D, EV 98.8 MPH)
|
Batting: LHB Rafael Banda
|
0-0: Ground out U3 (Groundball, 23, EV 87.5 MPH)
|
Top of the 4th over - 2 runs, 3 hits, 0 errors, 1 left on base; Hamilton 2 - Windy City 0 |
BOTTOM OF THE 4TH |
Windy City ThunderBolts batting - Pitching for Hamilton Cardinals : LHP Matt Rossiter
|
Batting: SHB Danny Gallegos
|
0-0: Called Strike 0-1: Swinging Strike 0-2: Foul Ball, location: 2F 0-2: Strikes out swinging
|
Batting: RHB Camillo Bonauiti
|
0-0: Ball 1-0: Ball 2-0: Foul Ball, location: 2F 2-1: Foul Ball, location: 2F 2-2: SINGLE (Line Drive, 9LS, EV 103.8 MPH)
|
Batting: RHB Kaoru Hamada
|
0-0: Called Strike 0-1: Foul Ball, location: 2F 0-2: Ball 1-2: Ground out 5-3 (Groundball, 5L, EV 108.8 MPH) Camillo Bonauiti to second
|
Batting: RHB Paul Holland
|
0-0: Called Strike 0-1: Foul Ball, location: 2F 0-2: Ball 1-2: Ball 2-2: Foul Ball, location: 2F 2-2: Ball 3-2: Fly out, F7 (Flyball, 78S, EV 88.1 MPH)
|
Bottom of the 4th over - 0 runs, 1 hit, 0 errors, 1 left on base; Hamilton 2 - Windy City 0 |
TOP OF THE 5TH |
Hamilton Cardinals batting - Pitching for Windy City ThunderBolts : RHP Dusty Haberstroh
|
Batting: LHB Pete Mitchell
|
0-0: Foul Ball, location: 2F 0-1: Ball 1-1: Swinging Strike 1-2: Ball 2-2: Ball 3-2: Foul Ball, location: 2F 3-2: Strikes out swinging
|
Batting: SHB Kelly Brooks
|
0-0: Called Strike 0-1: Ball 1-1: Ball 2-1: Swinging Strike 2-2: Ball 3-2: Base on Balls
|
Batting: RHB Jonathan Winkler
|
0-0: Ball 1-0: Grounds into double play, U6-3 (Groundball, 4M, EV 98.8 MPH)
|
Top of the 5th over - 0 runs, 0 hits, 0 errors, 0 left on base; Hamilton 2 - Windy City 0 |
BOTTOM OF THE 5TH |
Windy City ThunderBolts batting - Pitching for Hamilton Cardinals : LHP Matt Rossiter
|
Batting: RHB Nhat Phong
|
0-0: Ball 1-0: DOUBLE (Line Drive, 78D, EV 104.4 MPH)
|
Batting: RHB Ricky Avila
|
0-0: Ground out 5-3 (Groundball, 56S, EV 85.0 MPH)
|
Batting: RHB Sim Damit
|
0-0: Ball 1-0: DOUBLE (Groundball, 5L, EV 94.4 MPH) Nhat Phong scores
|
Batting: RHB Miguel Pacheco
|
0-0: Called Strike 0-1: Ball Sim Damit steals 3rd base 1-1: Swinging Strike 1-2: Strikes out swinging
|
Batting: RHB Dave Dominguez
|
0-0: Fly out, F7 (Flyball, 7S, EV 77.5 MPH)
|
Bottom of the 5th over - 1 run, 2 hits, 0 errors, 1 left on base; Hamilton 2 - Windy City 1 |
TOP OF THE 6TH |
Hamilton Cardinals batting - Pitching for Windy City ThunderBolts : RHP Dusty Haberstroh
|
Batting: RHB Juan Carrillo
|
0-0: Called Strike 0-1: Ball 1-1: Foul Ball, location: 2F 1-2: Ball 2-2: Fly out, F1 (Line Drive, P, EV 76.2 MPH)
|
Batting: SHB Bobby Mercado
|
0-0: Ball 1-0: Ball 2-0: Foul Ball, location: 2F 2-1: Fly out, F8 (Flyball, 8RD, EV 101.2 MPH)
|
Batting: RHB Nelson Salamanca
|
0-0: Called Strike 0-1: Ball 1-1: Ball 2-1: Swinging Strike 2-2: Strikes out swinging
|
Top of the 6th over - 0 runs, 0 hits, 0 errors, 0 left on base; Hamilton 2 - Windy City 1 |
BOTTOM OF THE 6TH |
Windy City ThunderBolts batting - Pitching for Hamilton Cardinals : LHP Matt Rossiter
|
Batting: SHB Danny Gallegos
|
0-0: Ground out 5-3 (Groundball, 5S, EV 65.6 MPH)
|
Batting: RHB Camillo Bonauiti
|
0-0: Ball 1-0: Ball 2-0: Foul Ball, location: 2F 2-1: Foul Ball, location: 2F 2-2: Foul Ball, location: 2F 2-2: Ground out 6-3 (Groundball, 6, EV 79.4 MPH)
|
Batting: RHB Kaoru Hamada
|
0-0: Called Strike 0-1: Foul Ball, location: 2F 0-2: Ball 1-2: Ball 2-2: Ground out 6-3 (Groundball, 6, EV 90.0 MPH)
|
Bottom of the 6th over - 0 runs, 0 hits, 0 errors, 0 left on base; Hamilton 2 - Windy City 1 |
TOP OF THE 7TH |
Hamilton Cardinals batting - Pitching for Windy City ThunderBolts : RHP Dusty Haberstroh
|
Batting: RHB Shou-feng Chang
|
0-0: Ball 1-0: Ball 2-0: Called Strike 2-1: Called Strike 2-2: Foul Ball, location: 2F 2-2: Ball 3-2: Foul Ball, location: 2F 3-2: Foul Ball, location: 2F 3-2: Foul Ball, location: 2F 3-2: Fly out, F4 (Popup, 34, EV 71.9 MPH)
|
Batting: RHB Mario Carbajal
|
0-0: Called Strike 0-1: Ball 1-1: Fly out, F7 (Flyball, 7, EV 84.4 MPH)
|
Batting: LHB Rafael Banda
|
0-0: Ball 1-0: SOLO HOME RUN (Flyball, 8LXD, EV 114.4 MPH), Distance : 453 ft
|
Batting: LHB Pete Mitchell
|
0-0: Ball 1-0: Ground out 6-3 (Groundball, 6, EV 102.5 MPH)
|
Top of the 7th over - 1 run, 1 hit, 0 errors, 0 left on base; Hamilton 3 - Windy City 1 |
BOTTOM OF THE 7TH |
Windy City ThunderBolts batting - Pitching for Hamilton Cardinals : LHP Matt Rossiter
|
Pitching: LHP Craig Soole
|
|
Batting: RHB Paul Holland
|
0-0: Ball 1-0: Called Strike 1-1: Ball 2-1: Ground out 6-3 (Groundball, 6, EV 89.4 MPH)
|
Batting: RHB Nhat Phong
|
0-0: Called Strike 0-1: Called Strike 0-2: Foul Ball, location: 2F 0-2: Strikes out looking
|
Batting: RHB Ricky Avila
|
0-0: Ball 1-0: Called Strike 1-1: Ball 2-1: Foul Ball, location: 2F 2-2: Ball 3-2: Strikes out swinging
|
Bottom of the 7th over - 0 runs, 0 hits, 0 errors, 0 left on base; Hamilton 3 - Windy City 1 |
TOP OF THE 8TH |
Hamilton Cardinals batting - Pitching for Windy City ThunderBolts : RHP Dusty Haberstroh
|
Pitching: RHP Ben Robertson
|
|
Batting: SHB Kelly Brooks
|
0-0: Ball 1-0: Ball 2-0: Ball 3-0: Called Strike 3-1: Base on Balls
|
Batting: RHB Jonathan Winkler
|
0-0: SINGLE (Groundball, 13, EV 86.2 MPH) (infield hit) Kelly Brooks to second
|
Batting: RHB Juan Carrillo
|
0-0: Ball 1-0: SINGLE (Line Drive, 5D, EV 98.8 MPH) Kelly Brooks to third Jonathan Winkler to second Runner from 3rd tries for Home, SAFE, throw by LF to home
|
Batting: SHB Bobby Mercado
|
0-0: Called Strike 0-1: Ball 1-1: DOUBLE (Flyball, 89XD, EV 99.4 MPH) Jonathan Winkler scores Juan Carrillo to third
|
Batting: RHB Nelson Salamanca
|
0-0: Called Strike 0-1: Fly out, F7 (Flyball, 7, EV 89.4 MPH) Runner from 3rd tags up, SCORES, throw by LF
|
Batting: RHB Shou-feng Chang
|
0-0: Ball 1-0: Ball 2-0: Called Strike 2-1: Fly out, F9 (Flyball, 9D, EV 94.4 MPH) Runner from 2nd tags up, SAFE at 3rd, no throw by RF
|
Batting: RHB Mario Carbajal
|
0-0: Foul Ball, location: 2F 0-1: Ball 1-1: Foul Ball, location: 2F 1-2: Ball 2-2: Ball 3-2: Strikes out swinging
|
Top of the 8th over - 3 runs, 3 hits, 0 errors, 1 left on base; Hamilton 6 - Windy City 1 |
BOTTOM OF THE 8TH |
Windy City ThunderBolts batting - Pitching for Hamilton Cardinals : LHP Craig Soole
|
Batting: RHB Sim Damit
|
0-0: Called Strike 0-1: Ball 1-1: Foul Ball, location: 2F 1-2: Foul Ball, location: 2F 1-2: Strikes out swinging, 2-3 out at first.
|
Batting: RHB Miguel Pacheco
|
0-0: Ball 1-0: Foul Ball, location: 2F 1-1: Swinging Strike 1-2: Ball 2-2: Strikes out looking
|
Batting: RHB Dave Dominguez
|
0-0: Called Strike 0-1: Swinging Strike 0-2: Strikes out swinging
|
Bottom of the 8th over - 0 runs, 0 hits, 0 errors, 0 left on base; Hamilton 6 - Windy City 1 |
TOP OF THE 9TH |
Hamilton Cardinals batting - Pitching for Windy City ThunderBolts : RHP Ben Robertson
|
Batting: LHB Rafael Banda
|
0-0: Called Strike 0-1: Ground out 6-3 (Groundball, 6MD, EV 93.1 MPH)
|
Batting: LHB Pete Mitchell
|
0-0: Fly out, F9 (Line Drive, 9D, EV 95.0 MPH)
|
Batting: SHB Kelly Brooks
|
0-0: Foul Ball, location: 2F 0-1: Ball 1-1: Ball 2-1: Ball 3-1: Called Strike 3-2: Strikes out looking
|
Top of the 9th over - 0 runs, 0 hits, 0 errors, 0 left on base; Hamilton 6 - Windy City 1 |
BOTTOM OF THE 9TH |
Windy City ThunderBolts batting - Pitching for Hamilton Cardinals : LHP Craig Soole
|
Batting: SHB Danny Gallegos
|
0-0: Fly out, F7 (Flyball, 7, EV 88.8 MPH)
|
Batting: RHB Camillo Bonauiti
|
0-0: Ball 1-0: Called Strike 1-1: Foul Ball, location: 2F 1-2: Foul Ball, location: 2F 1-2: Ball 2-2: Ball 3-2: Strikes out looking
|
Batting: RHB Kaoru Hamada
|
0-0: Ball 1-0: Foul Ball, location: 2F 1-1: Foul Ball, location: 2F 1-2: Foul Ball, location: 2F 1-2: Fly out, F9 (Line Drive, 9LM, EV 95.0 MPH)
|
Bottom of the 9th over - 0 runs, 0 hits, 0 errors, 0 left on base; Hamilton 6 - Windy City 1 |
|